 Dungeon Crawl Stone Soup version 0.22.1-1-ga44c0e56f4 (webtiles) character file.

6240 Mjsee792 the Blocker (level 10, -3/94 HPs)
             Began as a Minotaur Fighter on Oct 16, 2018.
             Was a High Priest of Okawaru.
             Killed by divine providence
             ... invoked by an orc priest
              (14 damage)
             ... on level 9 of the Dungeon.
             The game lasted 00:12:28 (7986 turns).

Mjsee792 the Blocker (Minotaur Fighter)             Turns: 7986, Time: 00:12:28

Health: -3/94      AC: 19    Str: 20    XL:     10   Next: 62%
Magic:  9/9        EV:  7    Int:  5    God:    Okawaru [*****.]
Gold:   451        SH: 13    Dex: 20    Spells: 9/9 levels left

rFire    + . .     SeeInvis .   a - +0 trident
rCold    + . .     Gourm    .   c - +0 shield
rNeg     . . .     Faith    .   J - +2 chain mail {rF+}
rPois    +         Spirit   .   (helmet restricted)
rElec    .         Reflect  .   v - +2 cloak {rPois}
rCorr    .         Harm     .   (no gloves)
MR       .....                  q - +0 pair of boots
Stlth    ..........             (no amulet)
HPRegen  0.25/turn              g - +6 ring of dexterity
MPRegen  0.11/turn              y - ring of protection from cold

@: no status effects
A: retaliatory headbutt, horns 2
a: Heroism, Finesse, Renounce Religion


You were on level 9 of the Dungeon.
You worshipped Okawaru.
Okawaru was extremely pleased with you.
You were very hungry.

You visited 2 branches of the dungeon, and saw 10 of its levels.

You collected 451 gold pieces.

Inventory:

Hand Weapons
 a - a +0 trident (weapon)
Missiles
 I - 3 javelins of penetration (quivered)
Armour
 b - a +0 scale mail
 c - a +0 shield (worn)
 q - a +0 pair of boots (worn)
 v - a +2 cloak of poison resistance (worn)
 A - a +0 plate armour
 J - a +2 chain mail of fire resistance (worn)
Jewellery
 g - a +6 ring of dexterity (left hand)
 r - an uncursed ring of see invisible
 y - a ring of protection from cold (right hand)
 E - an uncursed ring of poison resistance {unknown}
Wands
 t - a wand of random effects (25)
 C - a wand of scattershot (4)
 F - a wand of polymorph (16)
 H - a wand of digging (14)
Scrolls
 e - 3 scrolls of fear {unknown}
 i - 6 scrolls of teleportation {unknown}
 j - 8 scrolls of remove curse {unknown}
 k - 4 scrolls of blinking {unknown}
 l - 5 scrolls of identify {unknown}
 n - 2 scrolls of enchant weapon {unknown}
 o - a scroll of noise {unknown}
 s - 5 scrolls of enchant armour {unknown}
 w - 2 scrolls of immolation {unknown}
 z - a scroll of summoning {unknown}
 B - 2 scrolls of fog {unknown}
 D - a scroll of random uselessness {unknown}
Potions
 d - a potion of might
 h - 2 potions of invisibility {unknown}
 m - 2 potions of haste {unknown}
 p - 6 potions of curing
 u - a potion of magic {unknown}
 x - a potion of berserk rage {unknown}
 G - a potion of resistance {unknown}
Comestibles
 f - 9 rations


   Skills:
 + Level 10.3 Fighting
 - Level 2.4 Polearms
 + Level 11.5 Armour
 + Level 12.6 Shields


You had 9 spell levels left.
You didn't know any spells.
Your spell library was empty.

Dungeon Overview and Level Annotations

Branches:
Dungeon (9/15)             Temple (1/1) D:4            Lair (0/6) D:8
    Orc: D:9-12

Altars:
Ashenzari
Cheibriados
Dithmenos
Elyvilon
Fedhas
Gozag
Hepliaklqana
Kikubaaqudgha
Makhleb
Nemelex Xobeh
Okawaru
Qazlal
Ru
Sif Muna
Trog
Uskayaw
Vehumet
Wu Jian
Xom
Yredelemnul
Zin
The Shining One

Shops:
D:4 *

Annotations:
D:9 Gastronok


Innate Abilities, Weirdness & Mutations

You reflexively headbutt those who attack you in melee.
You have a pair of horns on your head.


Message History

Aim: an orc, wielding a trident and wearing a leather armour You reach to attack!
You hit the orc.
The orc is heavily wounded.
You block the orc's attack.
The orc priest mumbles some strange prayers to Beogh against you.
Beogh smites you!
* * * LOW HITPOINT WARNING * * *
You block something's attack.
Attack whom?
Press: ? - help, Dir - move target cursor, f/p - orc
Aim: an orc, wielding a trident and wearing a leather armour (heavily wounded)
Something you can't see is in the way.
You hit something.
You are feeling very hungry.
The orc barely misses you. You block something's attack.
You hear some strange, mumbled words.
A puff of flame appears from out of thin air!
You block the puff of flame.
The orc priest calls down the wrath of Beogh upon you.
Beogh smites you!
You die...

###################
..................#
.##...............#
.##..####.....##..#
.....# #.....##..#
.....####.........#
..<...............#
#######'######..@.#
#........##..'..#.#
#........##..#..#.#
#..##....##..#..#)#
#. #....##..#..#o#
####+##..#..#o#
####....# #...w#
#....#


You could see Gastronok, an orc priest and an orc.

Vanquished Creatures
  Harold (D:8)
  A two-headed ogre (D:9)
  A cyclops (D:9)
  A troll (D:6)
  2 hippogriffs (D:7)
  6 yaks (D:7)
  A hungry ghost (D:8)
  A water moccasin (D:7)
  Purgy (D:3)
  2 sky beasts
  An orc warrior (D:9)
  A black bear (D:6)
  3 ice beasts
  6 ogres
  2 centaurs
  A bullfrog (D:7)
  3 scorpions
  3 crimson imps
  A bullfrog zombie (D:7)
  7 hounds
  Crazy Yiuf (D:3)
  5 orc priests
  3 bullfrog skeletons
  6 orc wizards
  3 iguanas
  Jessica (D:3)
  Natasha (thrice) (D:4)
  5 worker ants
  3 hound skeletons
  2 worker ant zombies
  5 adders
  An ooze (D:3)
  3 worms
  2 adder skeletons
  3 dart slugs
  3 leopard geckos
  29 orcs
  7 bats
  5 giant cockroaches
  14 goblins
  7 hobgoblins
  7 jackals
  2 quokkas
  2 ball pythons
  3 frilled lizards
  A jackal skeleton (D:3)
  3 kobolds
  A leopard gecko zombie (D:5)
  A quokka zombie (D:5)
  3 rats
179 creatures vanquished.

Notes
Turn   | Place    | Note
-------+----------+-------------------------------------------
     0 | D:1      | Mjsee792 the Minotaur Fighter began the quest for the Orb.
     0 | D:1      | Reached XP level 1. HP: 19/19 MP: 0/0
    50 | D:1      | Reached XP level 2. HP: 27/27 MP: 1/1
   150 | D:1      | Reached skill level 4 in Shields
   731 | D:2      | Reached XP level 3. HP: 32/33 MP: 2/2
  1028 | D:2      | Found an ancient bone altar of Kikubaaqudgha.
  1521 | D:3      | Reached XP level 4. HP: 41/41 MP: 3/3
  1524 | D:3      | Noticed Purgy
  1545 | D:3      | Killed Purgy
  1545 | D:3      | Reached skill level 5 in Armour
  1545 | D:3      | Reached skill level 5 in Shields
  1545 | D:3      | Reached XP level 5. HP: 20/47 MP: 4/4
  1648 | D:3      | Reached skill level 5 in Fighting
  1915 | D:3      | Found a radiant altar of Vehumet.
  2028 | D:3      | Found a shadowy altar of Dithmenos.
  2075 | D:3      | Noticed Jessica
  2078 | D:3      | Killed Jessica
  2194 | D:3      | Reached XP level 6. HP: 25/56 MP: 5/5
  2408 | D:3      | Found a runed door.
  2412 | D:3      | Noticed Crazy Yiuf
  2415 | D:3      | Killed Crazy Yiuf
  2576 | D:4      | Reached skill level 6 in Shields
  2820 | D:4      | Found Eterhyn's Eclectic Emporium.
  2857 | D:4      | Found a basalt altar of Yredelemnul.
  2948 | D:4      | Found a staircase to the Ecumenical Temple.
  2965 | Temple   | Entered the Ecumenical Temple
  3161 | Temple   | Became a worshipper of Warmaster Okawaru
  3201 | D:4      | Reached XP level 7. HP: 59/62 MP: 6/6
  3231 | D:4      | Noticed Natasha
  3243 | D:4      | Killed Natasha
  3268 | D:4      | Noticed Natasha
  3274 | D:4      | Killed Natasha
  3349 | D:4      | Found a sacrificial altar of Ru.
  3471 | D:4      | Noticed Natasha
  3476 | D:4      | Killed Natasha
  3536 | D:5      | Entered Level 5 of the Dungeon
  3623 | D:5      | Reached * piety under Okawaru
  3623 | D:5      | Reached skill level 7 in Shields
  3773 | D:5      | Found a shadowy altar of Dithmenos.
  3774 | D:5      | Reached XP level 8. HP: 53/71 MP: 7/7
  4220 | D:6      | Reached skill level 8 in Shields
  4297 | D:6      | Reached ** piety under Okawaru
  4316 | D:6      | Noticed a troll
  4336 | D:6      | Killed a troll
  4336 | D:6      | Reached skill level 9 in Shields
  4742 | D:6      | Found a sparkling altar of Nemelex Xobeh.
  4969 | D:7      | Reached XP level 9. HP: 81/81 MP: 8/8
  4996 | D:7      | Reached *** piety under Okawaru
  5027 | D:7      | Reached skill level 10 in Shields
  5441 | D:7      | Found a deep blue altar of Sif Muna.
  5568 | D:7      | Reached **** piety under Okawaru
  5593 | D:7      | Reached skill level 10 in Armour
  5593 | D:7      | Reached skill level 11 in Shields
  5954 | D:8      | Reached XP level 10. HP: 88/91 MP: 9/9
  6145 | D:8      | Noticed Harold
  6172 | D:8      | Killed Harold
  6172 | D:8      | Reached skill level 10 in Fighting
  6523 | D:8      | Found a stormy altar of Qazlal.
  6771 | D:8      | Found a staircase to the Lair.
  6856 | D:9      | Noticed Gastronok
  7291 | D:9      | Received a gift from Okawaru
  7385 | D:9      | Reached skill level 12 in Shields
  7689 | D:9      | Noticed a cyclops
  7704 | D:9      | Killed a cyclops
  7704 | D:9      | Reached ***** piety under Okawaru
  7937 | D:9      | Noticed a two-headed ogre
  7980 | D:9      | Killed a two-headed ogre
  7986 | D:9      | Killed from afar by an orc priest

Skill      XL: |  1  2  3  4  5  6  7  8  9 10 |
---------------+-------------------------------+-----
Fighting       | 4 5 6 8 9 10 | 10.3
Shields        | 4 5 6 7 9 11 12 | 12.6
Armour         | 4 5 6 7 8 10 11 | 11.5
Polearms       | |  2.4

Action                   |  1- 3 |  4- 6 |  7- 9 | 10-12 || total
-------------------------+-------+-------+-------+-------++-------
Melee: Trident           |    86 |   135 |   376 |   162 ||   759
       Headbutt          |    13 |    27 |   119 |    45 ||   204
Invok: Heroism           |       |       |       |     1 ||     1
Evoke: Wand              |       |       |       |     3 ||     3
  Eat: Chunk             |     2 |     4 |    11 |     1 ||    18
       Ration            |       |       |       |     2 ||     2
Armor: Scale mail        |    33 |    46 |    53 |       ||   132
       Plate armour      |       |       |   118 |    54 ||   172
       Chain mail        |       |       |       |    15 ||    15
Dodge: Dodged            |    21 |    41 |    84 |    32 ||   178
Block: Shield            |    26 |    73 |   193 |   113 ||   405
